cohdb
Replays
Latest Replays
All Replays
Popular Replays
Top Player Replays
Match Explorer
How It Works
Community
CoH3 Stats
Reddit
Sign in to upload your games and track your stats! →
Sign in with Steam
Match 41603117
Unlisted
Match 41603117
Overview
Messages
Build Orders
End
Construct Infanterie Kompanie
Selects Terror Battlegroup
MG 42 Machine Gun Team
MG 42 Machine Gun Team
GrW 34 Mortar Team
Construct Luftwaffe Kompanie
Selects Machine Gun Camouflage
Jäger Squad
Jäger Squad
Jäger Squad
Jäger Squad
Selects Defend the Fatherland
Construct Panzergrenadier Kompanie
251 Medium Carrier
dmvdan
KameradQuint
datgamingsheepdog17
[❖] Shin Kawanomu
drTNT
WoW
ItsBrettos
vonAJ
0
0
Comments
sign in to comment!
No comments posted yet!